 Dungeon Crawl Stone Soup version 0.30-a0-313-gae38170b09 (webtiles) character file.

Game seed: 1718307886390226553

30 Powertoast the Charlatan (level 3, -1/27 HPs)
             Began as a Human Artificer on Oct 27, 2022.
             Slain by a hobgoblin (3 damage)
             ... on level 1 of the Dungeon.
             The game lasted 00:02:13 (816 turns).

Powertoast the Charlatan (Human Artificer)           Turns: 816, Time: 00:02:14

Health: -1/27      AC:  3    Str: 12    XL:     3   Next: 37%
Magic:  3/3        EV: 11    Int: 13    God:
Gold:   10         SH:  0    Dex: 13    Spells: 2/2 levels left

rFire   . . .      SeeInvis .    a - +0 club
rCold   . . .      Faith    .    (no shield)
rNeg    . . .      Spirit   .    b - +0 leather armour
rPois   .          Reflect  .    (no helmet)
rElec   .          Harm     .    (no cloak)
rCorr   .          Rampage  .    (no gloves)
Will    +....                    (no boots)
Stlth   ++........               (no amulet)
HPRegen 0.24/turn                g - ring of willpower
MPRegen 0.08/turn                (no ring)

@: no status effects
A: no striking features
a: no special abilities


You were on level 1 of the Dungeon.
You visited 1 branch of the dungeon, and saw 1 of its levels.

You collected 10 gold pieces.

Inventory:

Hand Weapons
 a - a +0 club (weapon)
Armour
 b - a +0 leather armour (worn)
Jewellery
 g - a ring of willpower (left hand)
Wands
 c - a wand of flame (11) (quivered)
 d - a wand of charming (15)
 e - a wand of iceblast (5)
Scrolls
 f - a scroll of fear {unknown}
 h - 3 scrolls of teleportation {unknown}
 j - a scroll of identify {unknown}
Potions
 i - a potion of curing {unknown}
 k - 2 potions of cancellation {unknown}


   Skills:
 + Level 2.2 Fighting
 - Level 2.0 Armour
 - Level 1.0 Dodging
 + Level 2.3 Stealth
 - Level 3.0 Evocations


You had 2 spell levels left.
You didn't know any spells.
Your spell library contained the following spells:

 Spells                   Type           Power      Damage    Failure   Level
 Beastly Appendage        Tmut           0%         N/A       36%         1
 Wereblood                Tmut           0%         N/A       52%         2
 Spider Form              Tmut/Pois      0%         N/A       75%         3


Dungeon Overview and Level Annotations

Branches:
Dungeon (1/15)

Altars:


Message History

The hobgoblin hits you.
You hit the hobgoblin but do no damage.
The hobgoblin is almost dead.
The hobgoblin hits you. The hobgoblin barely misses you.
You hit the hobgoblin but do no damage.
The hobgoblin is almost dead.
The hobgoblin hits you. The hobgoblin barely misses you.
You hit the hobgoblin but do no damage.
The hobgoblin is almost dead.
The hobgoblin hits you but does no damage.
The hobgoblin hits you.
The hobgoblin hits you but does no damage.
The hobgoblin hits you.
You closely miss the hobgoblin.
The hobgoblin is almost dead.
The hobgoblin closely misses you. The hobgoblin hits you.
You barely miss the hobgoblin.
The hobgoblin is almost dead.
The hobgoblin barely misses you. The hobgoblin hits you.
* * * LOW HITPOINT WARNING * * *
You closely miss the hobgoblin.
The hobgoblin is almost dead.
The hobgoblin completely misses you. The hobgoblin barely misses you. x2
The hobgoblin hits you but does no damage.
You hit the hobgoblin.
You kill the hobgoblin!
The hobgoblin hits you.
* * * LOW HITPOINT WARNING * * *
The hobgoblin hits you but does no damage.
You barely miss the hobgoblin. The hobgoblin closely misses you.
You closely miss the hobgoblin. The hobgoblin misses you.
The hobgoblin hits you.
* * * LOW HITPOINT WARNING * * *
You barely miss the hobgoblin. The hobgoblin misses you.
You barely miss the hobgoblin. The hobgoblin closely misses you.
You hit the hobgoblin but do no damage. The hobgoblin barely misses you.
You barely miss the hobgoblin. The hobgoblin hits you.
* * * LOW HITPOINT WARNING * * *
The hobgoblin hits you.
You die...

#..# .# . #... .#
..##.#.###.## #
........#...###.
#.....#.........
##...###.....#
#.....#.g....#
..#....@.....#
#.######.....# ## ### #.#
###'### .. ..# #.# ##...##
#. #.# ##.# ##.....## #
#.##.# ####..#
##.......###.#..#.#
#.....####.........##.#....#
#.....>..'.........+........
#.#...####.........##.#.....


You could see a hobgoblin.

Vanquished Creatures
  A gnoll (D:1)
  A dart slug (D:1)
  3 endoplasms (D:1)
  2 goblins (D:1)
  2 hobgoblins (D:1)
  3 kobolds (D:1)
  2 bats (D:1)
  4 rats (D:1)
18 creatures vanquished.

Notes
Turn   | Place    | Note
-------+----------+-------------------------------------------
     0 | D:1      | Powertoast the Human Artificer began the quest for the Orb.
     0 | D:1      | Reached XP level 1. HP: 15/15 MP: 1/1
    91 | D:1      | Reached XP level 2. HP: 3/22 MP: 2/2
   417 | D:1      | Reached XP level 3. HP: 22/27 MP: 3/3
   816 | D:1      | Slain by a hobgoblin

Illustrated notes

Levels and vault maps discovered:
D:1:      minmay_arrival_semitransparent, layout_loops_corners, serial_glass,
          glass_columns_a, glass_columns_b, glass_columns_b, glass_columns_a,
          glass_columns_a, glass_columns_a, glass_columns_b, glass_columns_c,
          minmay_strange_pillars, minmay_strange_pillars, minmay_strange_pillars

Skill      XL: |  1  2 |
---------------+-------+-----
Stealth        | 2 |  2.3
Fighting       | 2 |  2.2
Armour         | |  2.0
Dodging        | |  1.0
Evocations     | |  3.0

Action                   || total
-------------------------++-------
Melee: Club              ||    99
       Punch             ||     3
Evoke: Wand              ||     4
 Stab: Sleeping          ||     2
Armor: Leather armour    ||    34
Dodge: Dodged            ||    69

Table legend: (Time is in decaauts)
 A = Elapsed time spent in this place.
 B = Non-inter-level travel time spent in this place.
 C = Inter-level travel time spent in this place.
 D = Time resting spent in this place.
 E = Time spent auto-exploring this place.
 F = Levels seen in this place.
 G = Mean time per level.
                   A        B        C        D        E       F      G
               +--------+--------+--------+--------+--------+-----+--------+
         Total |    844 |    844 |      0 |     80 |    555 |   1 |  844.0 |
       Dungeon |    844 |    844 |      0 |     80 |    555 |   1 |  844.0 |
               +--------+--------+--------+--------+--------+-----+--------+

Top non-repeatable levels by time:
     D:1: 844 daAuts
